 Dungeon Crawl Stone Soup version 0.24.0-123-gd5b16e6ec5 (webtiles) character file.

Game seed: 16097061926440593474, levelgen mode: deterministic

44426 Mesmaeker13 the Fighter (level 13, 0/118 HPs)
             Began as a Demonspawn Chaos Knight on Feb 11, 2020.
             Was a Plaything of Xom.
             Slain by a blink frog (12 damage)
             ... on level 5 of the Lair of Beasts on Feb 12, 2020.
             The game lasted 00:56:58 (21993 turns).

Mesmaeker13 the Fighter (Demonspawn Chaos Knight)  Turns: 21993, Time: 00:56:59

Health: 0/118      AC: 18    Str: 21 (22) XL:     13   Next: 96%
Magic:  0/19       EV: 10    Int: 14      God:    Xom [....*.]
Gold:   492        SH:  6    Dex: 19      Spells: 12/12 levels left

rFire    + . .     SeeInvis .   q - +6 scimitar (flame)
rCold    . . .     Gourm    .   t - +0 buckler
rNeg     . . .     Faith    .   x - +1 chain mail {rF+}
rPois    +         Spirit   +   I - +1 hat {MR+}
rElec    .         Reflect  .   (no cloak)
rCorr    .         Harm     .   (no gloves)
MR       +....     Clarity  +   y - +2 pair of boots
Stlth    ..........             i - amulet of guardian spirit
HPRegen  0.29/turn              k - ring of poison resistance
MPRegen  0.16/turn              j - +5 ring of protection

@: mighty
A: antennae 2, claws 1, thin skeletal structure 3, blurry vision 2, clarity,
deformed body, deterioration 1, powered by pain 2, robust 1
a: Renounce Religion


You were on level 5 of the Lair of Beasts.
You worshipped Xom.
You were a beloved toy of Xom.
You were not hungry.

You visited 2 branches of the dungeon, and saw 16 of its levels.
You also visited: Sewer.

You collected 1003 gold pieces.
You spent 511 gold pieces at shops.

Inventory:

Hand Weapons
 n - a +0 antimagic dagger
 q - a +6 scimitar of flaming (weapon)
 O - the +3 long sword of Fury {venom, *Slow rElec rPois rC++}
   (You found it on level 9 of the Dungeon)

   It poisons the flesh of those it strikes.
   It greatly protects you from cold.
   It insulates you from electricity.
   It protects you from poison.
   It may slow you when you take damage.
Missiles
 A - 33 poisoned darts (quivered)
Armour
 t - a +0 buckler (worn)
 x - a +1 chain mail of fire resistance (worn)
 y - a +2 pair of boots (worn)
 I - a +1 hat of magic resistance (worn)
Jewellery
 i - an amulet of guardian spirit (around neck)
 j - a +5 ring of protection (right claw)
 k - a ring of poison resistance (left claw)
 s - an uncursed ring of flight
 v - an uncursed ring of ice
 P - an uncursed amulet of the gourmand {unknown}
 R - a +3 ring of strength {unknown}
Wands
 L - a wand of flame (6)
Scrolls
 b - a scroll of amnesia
 d - 4 scrolls of fog
 e - 4 scrolls of noise
 f - 3 scrolls of immolation
 g - 2 scrolls of torment
 l - 2 scrolls of enchant armour
 m - 3 scrolls of magic mapping
 o - 5 scrolls of remove curse
 p - a scroll of silence
 E - 2 scrolls of vulnerability
 G - a scroll of teleportation
 H - a scroll of brand weapon
Potions
 h - 2 potions of curing
 u - 4 potions of flight
 w - a potion of mutation
 B - a potion of heal wounds
 D - a potion of magic {unknown}
 F - a potion of haste
 Q - a potion of agility
Miscellaneous
 M - a lightning rod (4/4)
 N - a phial of floods
Comestibles
 a - 22 chunks of flesh
 c - 24 rations


   Skills:
 + Level 12.2 Fighting
 + Level 11.2 Long Blades
 - Level 7.0 Throwing
 + Level 11.1 Armour
 - Level 3.0 Dodging
 - Level 6.0 Shields
 + Level 8.1 Evocations


You had 12 spell levels left.
You didn't know any spells.
Your spell library contained the following spells:

 Spells                   Type           Power        Failure   Level  Hunger
 Animate Skeleton         Necr           N/A          87%         1    ##.....
 Apportation              Tloc           #.....       87%         1    ##.....
 Beastly Appendage        Tmut           #.....       87%         1    ##.....
 Confusing Touch          Hex            #.....       87%         1    ##.....
 Freeze                   Ice            #...         87%         1    ##.....
 Magic Dart               Conj           #...         87%         1    ##.....
 Sandblast                Erth           #.....       87%         1    ##.....
 Summon Butterflies       Summ           #.......     87%         1    ##.....
 Summon Small Mammal      Summ           #...         87%         1    ##.....
 Blink                    Tloc           N/A          95%         2    ###....
 Call Imp                 Summ           #.......     95%         2    ###....
 Slow                     Hex            #.......     95%         2    ###....
 Sticks to Snakes         Tmut           #.......     95%         2    ###....
 Sublimation of Blood     Necr           #.........   95%         2    ###....
 Throw Frost              Conj/Ice       #.....       95%         2    ###....
 Confuse                  Hex            #.......     99%         3    ####...
 Conjure Flame            Conj/Fire      #.......     99%         3    ####...
 Gell's Gravitas          Tloc           #.........   99%         3    ####...
 Ignite Poison            Fire/Tmut/Pois #.......     99%         3    ####...
 Mephitic Cloud           Conj/Pois/Air  #.......     99%         3    ####...
 Ozocubu's Armour         Chrm/Ice       #.......     99%         3    ####...
 Spider Form              Tmut/Pois      #.........   99%         3    ####...
 Stone Arrow              Conj/Erth      #.....       99%         3    ####...
 Ice Form                 Ice/Tmut       #.......     100%        4    #####..
 Leda's Liquefaction      Hex/Erth       #.........   100%        4    #####..
 Petrify                  Tmut/Erth      #.......     100%        4    #####..
 Summon Ice Beast         Ice/Summ       #.......     100%        4    #####..
 Throw Icicle             Conj/Ice       #.......     100%        4    #####..
 Alistair's Intoxication  Tmut/Pois      #.......     100%        5    ######.
 Blade Hands              Tmut           #.........   100%        5    ######.
 Bolt of Magma            Conj/Fire/Erth #.........   100%        5    ######.
 Irradiate                Conj/Tmut      #.........   100%        5    ######.
 Metabolic Englaciation   Hex/Ice        #.........   100%        5    ######.
 Summon Forest            Summ/Tloc      #.........   100%        5    ######.
 Yara's Violent Unravell  Hex/Tmut       #.........   100%        5    ######.
 Iron Shot                Conj/Erth      #.........   100%        6    #######
 Statue Form              Tmut/Erth      #........    100%        6    #######
 Shatter                  Erth           #.........   100%        9    #######


Dungeon Overview and Level Annotations

Branches:
Dungeon (10/15)            Temple (0/1) D:7            Lair (6/6) D:9
 Shoals (0/4) Lair:2        Snake (0/4) Lair:4        Slime (0/5) Lair:5
  Sewer (visited)
    Orc: D:9-12

Altars:
Ashenzari
Dithmenos
Elyvilon
Fedhas
Gozag
Hepliaklqana
Makhleb
Okawaru
Sif Muna
Wu Jian
Xom
Yredelemnul
Zin
The Shining One
Jiyva

Shops:
D:5 =   D:6 *   D:7 [   D:9 %


Innate Abilities, Weirdness & Mutations

You have a pair of antennae on your head.
You have an unnaturally thin skeletal structure. (Dex +6, Stealth++)
You sometimes gain power by taking damage.
You have sharp fingernails.
Scrolls take you longer to read.
You possess an exceptional clarity of mind.
Armour fits poorly on your strangely shaped body.
Your body sometimes deteriorates upon taking damage.
You are robust. (+10% HP)


Message History

The blink frog hits you.
* * * LOW HITPOINT WARNING * * *
You slash the blink frog! You burn the blink frog.
You kill the blink frog!
Your lightning rod (4/4) has regained one charge.
You see here a blink frog corpse.
You butcher the blink frog corpse.
Things that are here:
4 chunks of flesh; a blink frog skeleton Something hits you but does no damage. x2
You slash something! You burn something. Something hits you!
* * * LOW HITPOINT WARNING * * *
You miss something. Something hits you!
* * * LOW HITPOINT WARNING * * *
You focus on the pain.
You feel very mighty all of a sudden.
Your chain mail prevents you from hitting something.
Something hits you!
You die...
Xom yawns loudly!

.................................
................................#
................................P
.................................
.....................##..........
..............>†.P....#..........
........#....._...#...P.#........
.......##......{.##..........P...
.........#..[...@................
#................%...............
#................................
####.............................
...##....<............P#...PPP...
#..#..÷...........>....##..P..#..
#.##............._.....#....P#...
#.#.....#########................
..#.....#.......#................


There were no monsters in sight!

Vanquished Creatures
  Gastronok (Lair:1)
  A fire dragon (Lair:5)
  The ghost of TuydTheSenseless the Basher, a journeyman FoMo of Okawaru (D:9)
  Fannar (Lair:2)
  4 hydras
  A catoblepas (Lair:1)
  Erica (D:7)
  A two-headed ogre (D:9)
  7 death yaks
  A merfolk siren (Lair:2)
  3 black mambas
  7 elephants
  A guardian serpent (Lair:5)
  A torpor snail (Lair:5)
  9 spiny frogs
  7 rime drakes
  A centaur skeleton (D:10)
  15 komodo dragons
  A jumping spider (D:8)
  A polar bear (Lair:4)
  3 trolls
  11 hippogriffs
  A meliai zombie (D:10)
  2 blink frogs
  10 wyverns
  26 yaks
  A spriggan (D:7)
  5 basilisks
  2 hungry ghosts
  Grum (D:8)
  5 nagas (Lair:4)
  A hell hound (Lair:5)
  3 water moccasins
  12 porcupines
  A floating eye (shapeshifter) (Lair:3)
  3 ice beasts
  A phantom (D:6)
  5 ogres
  A black bear (D:9)
  A sky beast (D:9)
  11 wolves
  2 orc warriors
  5 centaurs
  9 crocodiles
  A big kobold (Sewer)
  13 bullfrogs
  4 scorpions
  8 killer bees
  3 wights (D:8)
  3 crimson imps
  3 howler monkeys (D:8)
  A hound (D:5)
  3 orc priests
  2 gnoll shamans
  A jelly (D:10)
  2 bullfrog skeletons (D:10)
  4 iguanas
  6 orc wizards
  5 worker ants
  A howler monkey zombie (D:6)
  10 gnolls
  12 adders
  A river rat (Sewer)
  2 shadow imps
  2 adder zombies
  An ooze (D:4)
  An adder skeleton (D:8)
  2 worms (D:2)
  2 dart slugs
  11 leopard geckos
  22 orcs
  A ball python (D:3)
  7 bats
  7 giant cockroaches
  7 goblins
  5 hobgoblins
  6 jackals
  3 quokkas
  3 frilled lizards
  11 kobolds
  3 quokka skeletons
  7 rats
  A spectral orc (D:4)
374 creatures vanquished.

Vanquished Creatures (collateral kills)
  2 two-headed ogres
  A black mamba (Lair:1)
  A polar bear (Lair:5)
  2 killer bees
  A howler monkey (D:8)
  An orc wizard (D:6)
  2 river rats (Sewer)
  2 orcs (D:6)
  A quokka (D:9)
  A rat (Sewer)
14 creatures vanquished.

Vanquished Creatures (others)
  A yak (D:9)
  A porcupine (D:9)
  2 killer bees
  A worker ant (D:7)
  A shadow imp (D:5)
  A quokka (D:7)
  10 fungi
  24 plants
41 creatures vanquished.

Grand Total: 429 creatures vanquished

Notes
Turn   | Place    | Note
-------+----------+-------------------------------------------
     0 | D:1      | Mesmaeker13 the Demonspawn Chaos Knight began the quest for
                  | the Orb.
     0 | D:1      | Reached XP level 1. HP: 18/18 MP: 1/1
    80 | D:1      | Reached skill level 1 in Dodging
    97 | D:1      | XOM: potion effect (agility)
   165 | D:1      | XOM: divination: detect creatures
   303 | D:1      | Gained mutation: You have a pair of small antennae on your
                  | head. [demonic ancestry]
   303 | D:1      | Reached XP level 2. HP: 20/24 MP: 2/2
   548 | D:1      | XOM: mild Hex miscast
   658 | D:1      | XOM: divination: magic mapping
   781 | D:1      | Noticed a shapeshifter
   781 | D:1      | a kobold changed into a shapeshifter
   781 | D:1      | XOM: scenery: create altars
   781 | D:1      | Noticed a yak
   781 | D:1      | a shapeshifter changed into a yak
   788 | D:1      | XOM: cast spell 'Summon Small Mammal'
   796 | D:1      | XOM: cast spell 'Death Channel'
   811 | D:1      | XOM: potion effect (magic)
   822 | D:1      | XOM: summons friendly quasit
   849 | D:1      | Noticed a rime drake
   856 | D:1      | Noticed a hornet
   856 | D:1      | a rime drake changed into a hornet
  1075 | D:2      | Found an ornate altar of the Wu Jian Council.
  1078 | D:2      | Gained mutation: You have a somewhat thin skeletal
                  | structure. (Dex +2, Stealth) [demonic ancestry]
  1078 | D:2      | Reached XP level 3. HP: 29/29 MP: 3/3
  1082 | D:2      | XOM: polymorph leopard gecko -> bat
  1277 | D:2      | Found a blossoming altar of Fedhas.
  1291 | D:2      | Noticed a shapeshifter
  1291 | D:2      | a kobold changed into a shapeshifter
  1291 | D:2      | XOM: polymorph kobold -> shapeshifter
  1291 | D:2      | Noticed a salamander
  1291 | D:2      | a shapeshifter changed into a salamander
  1293 | D:2      | XOM: confuse monster(s)
  1360 | D:3      | Found an opulent altar of Gozag.
  1417 | D:3      | XOM: polymorph orc -> frilled lizard
  1530 | D:3      | XOM: divination: magic mapping
  1628 | D:3      | Reached XP level 4. HP: 31/36 MP: 4/4
  1744 | D:2      | XOM: cloud trail
  1806 | D:2      | Noticed a fire crab
  2048 | D:1      | XOM: 1-stop teleportation journey
  2083 | D:1      | Noticed a raiju
  2084 | D:1      | Noticed a shapeshifter
  2084 | D:1      | a raiju changed into a shapeshifter
  2085 | D:1      | Noticed a wind drake
  2085 | D:1      | a shapeshifter changed into a wind drake
  2144 | D:2      | Noticed an orb spider
  2144 | D:2      | Noticed a yaktaur
  2144 | D:2      | an orb spider changed into a yaktaur
  2442 | D:3      | XOM: scenery: 1 doors open
  2506 | D:3      | Found a shattered altar of Ashenzari.
  2506 | D:3      | Found a hazy altar of Hepliaklqana.
  2507 | D:3      | Found a burning altar of Makhleb.
  2606 | D:3      | Noticed a bullfrog
  2606 | D:3      | XOM: cast spell 'Statue Form'
  2607 | D:3      | Killed a bullfrog
  2607 | D:3      | Reached skill level 4 in Fighting
  2607 | D:3      | Gained mutation: You sometimes gain a little power by
                  | taking damage. [demonic ancestry]
  2607 | D:3      | Reached XP level 5. HP: 42/42 MP: 5/5
  2844 | D:4      | Found a shattered altar of Ashenzari.
  2905 | D:4      | Noticed an ogre
  2913 | D:4      | Killed an ogre
  2913 | D:4      | Reached XP level 6. HP: 36/49 MP: 4/6
  2976 | D:4      | XOM: god gift: arrow
  3048 | D:4      | XOM: give mutations
  3048 | D:4      | Gained mutation: Your muscles are strong. (Str +2) [Xom's
                  | grace]
  3048 | D:4      | Gained mutation: You have an increased reservoir of magic.
                  | (+10% MP) [Xom's grace]
  3048 | D:4      | Gained mutation: You have a pair of antennae on your head.
                  | [Xom's grace]
  3048 | D:4      | Gained mutation: You have very sharp teeth. [Xom's grace]
  3246 | D:4      | Reached skill level 1 in Shields
  3265 | D:4      | Gained mutation: You have a moderately thin skeletal
                  | structure. (Dex +4, Stealth+) [demonic ancestry]
  3265 | D:4      | Reached XP level 7. HP: 36/55 MP: 7/7
  3565 | D:4      | Found a basalt altar of Yredelemnul.
  3698 | D:5      | Entered Level 5 of the Dungeon
  3698 | D:5      | Found Xezuys's Jewellery Shoppe.
  3912 | D:5      | Reached skill level 5 in Fighting
  3927 | D:5      | XOM: scenery: create altars
  4436 | D:5      | XOM: noise
  4504 | D:5      | XOM: divination: magic mapping
  4644 | D:5      | Found a shadowy altar of Dithmenos.
  4897 | D:2      | Noticed an orb spider
  5012 | D:6      | XOM: divination: magic mapping
  5090 | D:6      | Reached skill level 5 in Long Blades
  5090 | D:6      | Gained mutation: You have an unnaturally thin skeletal
                  | structure. (Dex +6, Stealth++) [demonic ancestry]
  5090 | D:6      | Reached XP level 8. HP: 62/63 MP: 8/8
  5466 | D:6      | XOM: 2-stop teleportation journey
  5471 | D:6      | Found a glowing drain.
  5494 | Sewer    | Entered a sewer
  5717 | Sewer    | Found a white marble altar of Elyvilon.
  5727 | Sewer    | XOM: scenery: create altars
  5783 | D:6      | Found Vuor Iketo's Assorted Antiques.
  5790 | D:6      | XOM: god gift: wand of scattershot (3)
  5808 | D:6      | Reached skill level 6 in Fighting
  5846 | D:6      | Reached skill level 5 in Armour
  6052 | D:6      | XOM: scenery: create altars
  6276 | D:7      | XOM: 2-stop teleportation journey
  6279 | D:7      | Found Kego's Armour Emporium.
  6412 | D:7      | XOM: fog
  6583 | D:7      | XOM: fog
  6631 | D:7      | XOM: scenery: create altars
  6685 | D:7      | Found a glowing golden altar of the Shining One.
  6685 | D:7      | Found a white marble altar of Elyvilon.
  6685 | D:7      | Found a glowing silver altar of Zin.
  6694 | D:7      | XOM: scenery: create altars
  6785 | D:7      | XOM: fog
  6786 | D:7      | XOM: 3-stop teleportation journey
  6787 | D:7      | Noticed Pikel
  6859 | D:7      | Noticed Pikel
  6859 | D:7      | Pikel changed into Pikel the spriggan
  6859 | D:7      | XOM: polymorph Pikel -> Pikel the spriggan
  6862 | D:7      | XOM: harmless Tmut miscast
  6868 | D:7      | Killed Pikel the spriggan
  6868 | D:7      | Reached XP level 9. HP: 52/71 MP: 6/9
  6879 | D:7      | XOM: give mutations
  6879 | D:7      | Lost mutation: Your muscles are strong. (Str +2) [Xom's
                  | mischief]
  6879 | D:7      | Gained mutation: You are clumsy. (Dex -2) [Xom's mischief]
  6879 | D:7      | Lost mutation: You have very sharp teeth. [Xom's mischief]
  6879 | D:7      | Lost mutation: You are clumsy. (Dex -2) [Xom's mischief]
  6917 | D:7      | XOM: polymorph freed slave -> sky beast
  7017 | D:7      | Found a staircase to the Ecumenical Temple.
  7198 | D:8      | Noticed a two-headed ogre
  7259 | D:7      | XOM: swap monsters
  7298 | D:7      | XOM: blink monster(s)
  7310 | D:7      | XOM: summons friendly sixfirhy
  7313 | D:7      | Killed a two-headed ogre
  7313 | D:7      | Reached skill level 7 in Fighting
  7633 | D:7      | XOM: swap monsters
  7723 | D:8      | XOM: silly message
  7728 | D:8      | Noticed a jumping spider
  7728 | D:8      | a yak changed into a jumping spider
  7728 | D:8      | XOM: polymorph yak -> jumping spider
  7735 | D:8      | Killed a jumping spider
  7735 | D:8      | Reached skill level 5 in Shields
  7819 | D:8      | XOM: blink monster(s)
  7846 | D:8      | XOM: 1-stop teleportation journey
  7855 | D:8      | XOM: summons friendly white imp
  7859 | D:8      | Noticed Erica
  8274 | D:7      | XOM: summons 3 hostile demons
  8372 | D:7      | XOM: cast spell 'Leda's Liquefaction'
  8438 | D:8      | XOM: smoke on damage
  8678 | D:8      | XOM: confusion (+ monsters)
  8686 | D:8      | XOM: harmless Chrm miscast
  8692 | D:8      | XOM: repel stairs
  8717 | D:7      | XOM: summons 2 hostile shadow creatures
  8816 | D:8      | XOM: swap monsters
  8825 | D:8      | Reached skill level 8 in Fighting
  8825 | D:8      | Mutation became permanent: You have a pair of small
                  | antennae on your head. [demonic ancestry]
  8825 | D:8      | Gained mutation: You have a pair of antennae on your head.
                  | [demonic ancestry]
  8825 | D:8      | Reached XP level 10. HP: 78/80 MP: 11/11
  8926 | D:7      | XOM: noise
  8940 | D:7      | Killed Erica
  8978 | D:8      | XOM: summons friendly quasit
  9056 | D:8      | XOM: 1-stop teleportation journey
  9326 | D:8      | Noticed Grum
  9339 | D:8      | Killed Grum
  9575 | D:9      | XOM: summons 5 friendly demons
  9595 | D:9      | Reached skill level 1 in Throwing
  9595 | D:9      | XOM: scenery: create altars
  9700 | D:8      | XOM: stat loss: -1 Str (13/15)
  9855 | D:8      | XOM: give mutations
  9855 | D:8      | Gained mutation: Scrolls take you a little longer to read.
                  | [Xom's mischief]
  9855 | D:8      | Gained mutation: Armour fits poorly on your strangely
                  | shaped body. [Xom's mischief]
  9861 | D:9      | XOM: divine lightning
  9920 | D:9      | Found a staircase to the Lair.
  9976 | D:8      | XOM: medium Fire miscast
  9978 | D:9      | Found a runed translucent gate.
  9978 | D:9      | Found a runed translucent gate.
  9978 | D:9      | Found a runed translucent gate.
  9978 | D:9      | Noticed TuydTheSenseless's ghost (journeyman FoMo)
  9978 | D:9      | Noticed a nine-headed hydra
  9986 | D:9      | XOM: polymorph wyvern -> blink frog
  9995 | D:9      | Reached skill level 9 in Fighting
 10148 | D:8      | XOM: medium Erth miscast
 10433 | D:9      | XOM: enchant monster (good)
 10475 | D:9      | Found Furalu's Food Shop.
 10763 | D:9      | Noticed a two-headed ogre
 10767 | D:9      | XOM: enchant monster (bad)
 10828 | D:9      | XOM: noise
 10989 | D:9      | XOM: cleaving
 11046 | D:9      | Found a shimmering blue altar of Sif Muna.
 11046 | D:9      | Found an iron altar of Okawaru.
 11226 | D:9      | XOM: medium Necr miscast
 11566 | D:9      | You fall into a shaft and drop 1 floor!
 11566 | D:10     | Entered Level 10 of the Dungeon
 11576 | D:10     | Reached XP level 11. HP: 89/89 MP: 12/12
 11756 | D:10     | XOM: swap monsters
 11760 | D:10     | XOM: enchant monster (bad)
 11848 | D:10     | Noticed a two-headed ogre
 11852 | D:10     | XOM: 1-stop teleportation journey
 11975 | D:10     | XOM: mild Pois miscast
 11980 | D:10     | XOM: harmless Chrm miscast
 11987 | D:10     | XOM: harmless Hex miscast
 12153 | D:10     | XOM: summons 2 hostile shadow creatures
 12193 | D:10     | Reached skill level 1 in Evocations
 12228 | D:10     | XOM: medium Fire miscast
 12373 | D:10     | XOM: give mutations
 12373 | D:10     | Lost mutation: Armour fits poorly on your strangely shaped
                  | body. [Xom's mischief]
 12373 | D:10     | Gained mutation: Your body sometimes deteriorates upon
                  | taking damage. [Xom's mischief]
 12391 | D:10     | XOM: give mutations
 12391 | D:10     | Gained mutation: Armour fits poorly on your strangely
                  | shaped body. [Xom's mischief]
 12391 | D:10     | Gained mutation: Your body often deteriorates upon taking
                  | damage. [Xom's mischief]
 12455 | D:10     | XOM: harmless Pois miscast
 12471 | D:10     | XOM: mild Conj miscast
 12498 | D:10     | XOM: chaos upgrade
 12509 | D:10     | XOM: 7-stop teleportation journey
 12564 | D:10     | XOM: medium Conj miscast
 12633 | D:10     | XOM: mild Pois miscast
 12678 | D:10     | XOM: swap monsters
 12679 | D:10     | XOM: blink monster(s)
 12689 | D:10     | XOM: potion effect (curing)
 12703 | D:10     | Killed a two-headed ogre
 12833 | D:10     | XOM: potion effect (might)
 12837 | D:10     | XOM: cleaving
 13179 | Lair:1   | Entered Level 1 of the Lair of Beasts
 13278 | Lair:1   | XOM: summons friendly shadow imp
 13402 | Lair:1   | XOM: summons 7 friendly demons
 13606 | Lair:1   | Noticed Gastronok
 13661 | Lair:1   | XOM: harmless Necr miscast
 13666 | Lair:1   | Killed Gastronok
 13666 | Lair:1   | Reached skill level 10 in Fighting
 13726 | Lair:1   | XOM: noise
 13826 | Lair:1   | XOM: divination: detect items
 13974 | Lair:1   | XOM: noise
 14031 | D:7      | XOM: mild Fire miscast
 14037 | D:7      | XOM: harmless Necr miscast
 14094 | D:5      | Bought an uncursed ring of poison resistance for 280 gold
                  | pieces
 14194 | D:9      | XOM: mild Pois miscast
 14212 | D:9      | XOM: cloud trail
 14289 | D:9      | Reached skill level 5 in Throwing
 14300 | D:9      | Killed a two-headed ogre
 14300 | D:9      | Gained mutation: You sometimes gain power by taking damage.
                  | [demonic ancestry]
 14300 | D:9      | Reached XP level 12. HP: 70/97 MP: 12/16
 14477 | Lair:1   | XOM: 1-stop teleportation journey
 15034 | D:7      | Bought a +1 chain mail of fire resistance for 231 gold
                  | pieces
 15138 | Lair:2   | XOM: enchant monster (good)
 15144 | Lair:2   | XOM: confuse monster(s)
 15236 | Lair:2   | Noticed a death yak
 15253 | Lair:2   | XOM: divination: magic mapping
 15261 | Lair:2   | Noticed a death yak
 15265 | Lair:2   | Noticed a catoblepas
 15265 | Lair:2   | a death yak changed into a catoblepas
 15265 | Lair:2   | XOM: polymorph death yak -> catoblepas
 15278 | Lair:2   | Noticed a death yak
 15279 | Lair:2   | Noticed a death yak
 15292 | Lair:2   | XOM: cleaving
 15293 | Lair:2   | XOM: potion effect (curing)
 15294 | Lair:2   | XOM: cast spell 'Death Channel'
 15299 | Lair:2   | Noticed a death yak
 15308 | Lair:2   | XOM: scenery: create altars
 15311 | Lair:2   | Noticed a death yak
 15605 | Lair:1   | XOM: blink monster(s)
 15618 | Lair:1   | Killed a death yak
 15748 | Lair:2   | Found a staircase to the Shoals.
 15844 | Lair:2   | Reached skill level 5 in Evocations
 15874 | Lair:2   | Noticed Fannar
 15888 | Lair:2   | Killed Fannar
 15888 | Lair:2   | XOM: mild Tloc miscast
 15897 | Lair:2   | XOM: divination: detect items
 16325 | Lair:2   | XOM: blink monster(s)
 16966 | Lair:2   | XOM: confuse monster(s)
 17069 | Lair:2   | XOM: divination: detect creatures
 17081 | Lair:1   | Killed a catoblepas
 17272 | Lair:1   | Killed a death yak
 17272 | Lair:1   | Reached skill level 10 in Long Blades
 17318 | Lair:2   | XOM: enchant monster (good)
 17332 | Lair:1   | Killed a death yak
 17407 | Lair:2   | Killed a death yak
 17407 | Lair:2   | Reached skill level 11 in Fighting
 17408 | Lair:2   | XOM: scenery: 2 doors open
 17416 | Lair:2   | Killed a death yak
 17568 | Lair:3   | Noticed a six-headed hydra
 17574 | Lair:3   | XOM: cleaving
 17580 | Lair:3   | Killed a two-headed hydra
 17750 | Lair:3   | Reached skill level 10 in Armour
 17754 | Lair:3   | XOM: scenery: create altars
 17910 | Lair:3   | XOM: polymorph spiny frog -> yak
 17938 | Lair:3   | XOM: polymorph wolf -> shapeshifter
 17949 | Lair:3   | XOM: fog
 17978 | Lair:3   | XOM: god gift: metal-bound book {god gift}
 18111 | Lair:3   | XOM: cleaving
 18151 | Lair:3   | Reached XP level 13. HP: 67/106 MP: 19/19
 18235 | Lair:3   | XOM: enchant monster (bad)
 18242 | Lair:3   | XOM: potion effect (heal wounds)
 18357 | Lair:3   | XOM: confusion
 18405 | Lair:3   | XOM: mild Ice miscast
 18525 | Lair:3   | XOM is BORED!
 18525 | Lair:3   | XOM: medium Air miscast
 18693 | Lair:3   | XOM: harmless Erth miscast
 19043 | D:9      | Killed TuydTheSenseless's ghost
 19052 | D:9      | Got a polished long sword
 19054 | D:9      | Identified the +3 long sword of Fury {venom, *Slow rElec
                  | rPois rC++} (You found it on level 9 of the Dungeon)
 19220 | Lair:4   | XOM: medium Tmut miscast
 19395 | Lair:4   | XOM: cast spell 'Statue Form'
 19440 | Lair:4   | Found a staircase to the Snake Pit.
 19458 | Lair:4   | Identified the Grimoire of Summoning and Stones
 19743 | Lair:5   | Found a staircase to the Slime Pits.
 19743 | Lair:5   | Found a viscous altar of Jiyva.
 19750 | Lair:5   | XOM: cleaving
 19751 | Lair:5   | XOM: medium Hex miscast
 19757 | Lair:4   | XOM: divination: detect items
 19821 | Lair:5   | XOM: enchant monster (bad)
 19857 | Lair:5   | XOM: polymorph elephant -> guardian serpent
 19979 | Lair:5   | XOM: destruction
 20022 | Lair:4   | XOM: enchant monster (good)
 20061 | Lair:5   | XOM: potion effect (agility)
 20064 | Lair:5   | XOM: enchant monster (bad)
 20069 | Lair:5   | XOM: summons friendly shadow imp
 20073 | Lair:5   | XOM: potion effect (heal wounds)
 20075 | Lair:5   | XOM: medium Air miscast
 20076 | Lair:5   | XOM: 3-stop teleportation journey
 20107 | Lair:5   | HP: 3/107 [komodo dragon (7)]
 20342 | Lair:5   | XOM: harmless Ice miscast
 20374 | Lair:5   | XOM: summons 2 hostile shadow creatures
 20457 | Lair:5   | XOM: cleaving
 20483 | Lair:5   | XOM: summons 2 friendly demons
 20670 | Lair:5   | XOM: give mutations
 20670 | Lair:5   | Gained mutation: You possess an exceptional clarity of
                  | mind. [Xom's mischief]
 20670 | Lair:5   | Gained mutation: You are frail. (-10% HP) [Xom's mischief]
 21115 | Lair:5   | Reached skill level 12 in Fighting
 21117 | Lair:5   | Noticed a fire dragon
 21117 | Lair:5   | an eight-headed hydra changed into a fire dragon
 21117 | Lair:5   | XOM: polymorph eight-headed hydra -> fire dragon
 21310 | Lair:5   | XOM: scenery: create altars
 21314 | Lair:5   | XOM: scenery: create altars
 21460 | Lair:5   | Lost mutation: You possess an exceptional clarity of mind.
                  | [potion of mutation]
 21460 | Lair:5   | Lost mutation: You are frail. (-10% HP) [potion of
                  | mutation]
 21460 | Lair:5   | Lost mutation: You have an increased reservoir of magic.
                  | (+10% MP) [potion of mutation]
 21460 | Lair:5   | Lost mutation: Your body often deteriorates upon taking
                  | damage. [potion of mutation]
 21460 | Lair:5   | Gained mutation: You possess an exceptional clarity of
                  | mind. [potion of mutation]
 21460 | Lair:5   | Gained mutation: You are robust. (+10% HP) [potion of
                  | mutation]
 21471 | Lair:5   | XOM: enchant monster (bad)
 21475 | Lair:5   | XOM: noise
 21477 | Lair:5   | Killed a fire dragon
 21546 | Lair:5   | XOM: confuse monster(s)
 21566 | Lair:5   | XOM: torment (27/118 hp)
 21570 | Lair:5   | XOM: confuse monster(s)
 21772 | Lair:5   | XOM: give mutations
 21772 | Lair:5   | Gained mutation: You have sharp fingernails. [Xom's
                  | mischief]
 21772 | Lair:5   | Gained mutation: Scrolls take you longer to read. [Xom's
                  | mischief]
 21877 | Lair:6   | Entered Level 6 of the Lair of Beasts
 21878 | Lair:6   | XOM: harmless Tloc miscast
 21969 | Lair:5   | XOM: enchant monster (bad)
 21973 | Lair:5   | XOM: enchant monster (bad)
 21993 | Lair:5   | Slain by a blink frog

Levels and vault maps discovered:
D:1:      roderic_chinese_lattice_arrival, layout_basic
D:2:      layout_basic, overflow_temple_1_default, fedhas_altar_fruit_tree
D:3:      layout_basic, lemuel_round_altar, gammafunk_temple_overflow_claw
D:4:      layout_gridville, yredelemnul_forgotten_temple_becter,
          nicolae_ashenzari_panopticon
D:5:      layout_loops_corners, nicolae_overflow_hidden_temple, serial_shops,
          shop, first_ration, minmay_misc_feat_square,
          chequers_serial_rivers_micro_e, bh_chokoban
D:6:      layout_basic, gup_sewer_entry_glass, serial_shops, shop,
          grunt_decor_one_mirror
D:7:      layout_basic, good_gods_mini_temple, temple_pool_b, serial_shops,
          shop, uniq_pikel
D:8:      layout_rooms, uniq_grum, uniq_erica
D:9:      layout_loops_corners, gammafunk_temple_overflow_elements,
          minmay_lair_entry_grove, gammafunk_ghost_hydra_chop, serial_shops,
          shop
D:10:     layout_grid_maze
Lair:1:   layout_loops_ring, infiniplex_staircase_pool_2, uniq_gastronok
Lair:2:   layout_roguey, minmay_shoals_entry_lonely_mermaid,
          lightli_volcano_entry_magma_tube, uniq_fannar
Lair:3:   wander_river, layout_regular_city, ldierk_geyser
Lair:4:   layout_roguey, minmay_snake_entry_guardpost_medium, grunt_megastairs_5
Lair:5:   layout_cave_shapes, slime_altar_1, special_room
          [special_room_mythical_zoo], beast_lair_carwin_7, lemuel_fruit_tree
Lair:6:   minmay_lair_end_frog_pond, layout_gridlike, minivault_11

Skill      XL: |  1  2  3  4  5  6  7  8  9 10 11 12 13 |
---------------+----------------------------------------+-----
Dodging        | 1 2 3 |  3.0
Armour         | 2 3 4 5 6 8 9 10 11 | 11.1
Long Blades    | 3 4 5 6 7 8 9 10 11 | 11.2
Fighting       | 4 5 6 8 9 10 11 12 | 12.2
Shields        | 1 2 4 5 6 |  6.0
Throwing       | 2 5 6 7 |  7.0
Evocations     | 4 6 8 |  8.1

Action                   |  1- 3 |  4- 6 |  7- 9 | 10-12 | 13-15 || total
-------------------------+-------+-------+-------+-------+-------++-------
Melee: Falchion          |   130 |    71 |       |       |       ||   201
       Dagger            |       |    21 |   258 |    19 |       ||   298
       Bite              |       |     4 |    36 |       |       ||    40
       Long sword        |       |       |   222 |     8 |       ||   230
       Scimitar          |       |       |       |   700 |   397 ||  1097
Throw: Javelin           |       |    10 |    20 |    15 |    22 ||    67
       Dart              |       |       |    21 |    29 |     8 ||    58
Evoke: Wand              |       |     1 |    21 |     6 |       ||    28
       Lightning rod     |       |       |       |       |     4 ||     4
       Phial of floods   |       |       |       |       |     1 ||     1
  Use: Scroll            |     4 |     2 |     9 |    18 |     3 ||    36
       Potion            |       |       |     1 |    11 |     9 ||    21
 Stab: Sleeping          |     2 |     3 |       |       |       ||     5
       Confused          |       |       |     1 |     5 |       ||     6
       Petrified         |       |       |       |     5 |       ||     5
       Petrifying        |       |       |       |     1 |       ||     1
       Distracted        |       |       |       |       |     2 ||     2
       Invisible         |       |       |       |       |     1 ||     1
  Eat: Chunk             |     2 |     6 |    14 |    21 |     8 ||    51
       Ration            |       |       |     4 |     3 |     2 ||     9
Armor: Leather armour    |    92 |    19 |       |       |       ||   111
       Chain mail        |       |    45 |   272 |   291 |   265 ||   873
       Skin              |       |     1 |     4 |    11 |     7 ||    23
Dodge: Dodged            |    91 |    28 |   194 |   235 |   189 ||   737
Block: Buckler           |       |    10 |   141 |   187 |   139 ||   477
       Rpst.: Falchion   |    32 |     7 |       |       |       ||    39
       Long sword        |       |       |    20 |     1 |       ||    21
       Scimitar          |       |       |       |    66 |    49 ||   115
